 Dungeon Crawl Stone Soup version 0.13.0-18-g7b03ea5 (webtiles) character file.

163 Impy the Fey Draconian (level 4, 0/37 HPs)
             Began as a Draconian Death Knight on Oct 22, 2013.
             Was a Believer of Yredelemnul.
             Succumbed to poison (a potion of poison)
             ... on Level 2 of the Dungeon.
             The game lasted 00:04:36 (1909 turns).

Impy the Fey Draconian (Draconian Death Knight)     Turns: 1909, Time: 00:04:37

HP   0/37        AC  7     Str 15      XL: 4   Next:  3%
MP   6/6         EV 12     Int 12      God: Yredelemnul [**....]
Gold 93          SH  0     Dex  9      Spells:  0 memorised,  3 levels left

Res.Fire  : . . .   See Invis. : .   a - +1 mace
Res.Cold  : . . .   Warding    : .   (armour unavailable)
Life Prot.: . . .   Conserve   : .   (no shield)
Res.Poison: .       Res.Corr.  : .   (helmet restricted)
Res.Elec. : .       Clarity    : .   (no cloak)
Sust.Abil.: . .     Spirit.Shd : .   n - +1 pair of gauntlets
Res.Mut.  : .       Stasis     : .   (no boots)
Res.Rott. : .       Flight     : .   (no amulet)
Saprovore : . . .                    (no ring)
                                     (no ring)

@: mildly poisoned, very slightly contaminated, slightly resistant to hostile
enchantments, very unstealthy
A: unfitting armour, -10% mp, AC +5, Dex -2
a: Animate Remains, Recall Undead Slaves, Injury Mirror, Renounce Religion


You were on level 2 of the Dungeon.
You worshipped Yredelemnul.
Yredelemnul was pleased with you.
You were not hungry.

You visited 1 branch of the dungeon, and saw 2 of its levels.

You collected 73 gold pieces.

Inventory:

Hand weapons
 a - a +1,+1 mace (weapon)
Armour
 n - a +1 pair of gauntlets (worn)
Magical devices
 k - a wand of magic darts (6) {unknown}
Comestibles
 c - 3 bread rations
 f - a choko
 r - a chunk of hobgoblin flesh
Scrolls
 i - 2 scrolls of curse armour {unknown}
 j - 3 scrolls of enchant armour {unknown}
 o - a scroll of teleportation {unknown}
 q - a scroll of identify {unknown}
Jewellery
 g - a cursed ring of teleportation {unknown}
 l - a +2 ring of intelligence {unknown}
Potions
 b - 2 potions of might


   Skills:
 - Level 2.1 Fighting
 + Level 3.0 Maces & Flails
 + Level 2.2 Dodging
 + Level 3.9 Invocations


You had 3 spell levels left.
You didn't know any spells.

Dungeon Overview and Level Annotations

Branches:
Dungeon (2/27)

Altars:


Innate Abilities, Weirdness & Mutations

Your plain brown scales are hard (AC +5).
Your body does not fit into most forms of armour.
Your cold-blooded metabolism reacts poorly to cold.
You are clumsy. (Dex -2)
Your magical capacity is low (-10% MP).


Message History

You start resting.
* * * LOW HITPOINT WARNING * * *
You feel sick.
You start resting.
* * * LOW HITPOINT WARNING * * *
You feel sick.
You feel a little better.
You start resting.
* * * LOW HITPOINT WARNING * * *
You feel sick.
You start resting.
* * * LOW HITPOINT WARNING * * *
You feel sick.
You feel a little better.
Drink which item? (? for menu, Esc to quit)
Okay, then.
You start resting.
You feel a little less agile now.
You die...
Your body rises from the dead as a mindless zombie.

#....# #....##.)..#...
###### ..###
#......###.#.## . ...
#.#.##.###.#...
..##.#####...##.....####
.........)........>......
.........####.##.########
.........# #....#
.........# ####'########
........@# #......##...#
..........# #......##...#
.........# #......##...#
.........# #...........#
.........# ##..........#
........##.........##.#
...######.##.#####.... .#
. #. ###.# #. #.#


There were no monsters in sight!

Vanquished Creatures
  Jessica (D:2)
  An adder (D:2)
  A giant mite (D:1)
  An inept feature mimic (D:2)
  An ooze (D:2)
  4 hobgoblins
  6 bats
  A giant cockroach (D:1)
  A giant newt (D:1)
  5 goblins
  5 kobolds
  5 rats
32 creatures vanquished.

Notes
Turn   | Place    | Note
--------------------------------------------------------------
     0 | D:1      | Impy, the Draconian Death Knight, began the quest for the Orb.
     0 | D:1      | Reached XP level 1. HP: 17/17 MP: 2/2
   511 | D:1      | Reached XP level 2. HP: 19/24 MP: 4/4
  1020 | D:2      | Reached XP level 3. HP: 24/29 MP: 5/5
  1637 | D:2      | Acquired Yredelemnul's second power
  1822 | D:2      | Noticed Jessica
  1828 | D:2      | Killed Jessica
  1828 | D:2      | Reached XP level 4. HP: 22/37 MP: 7/7
  1859 | D:2      | Gained mutation: Your magical capacity is low (-10% MP). [potion of mutation]
  1859 | D:2      | Gained mutation: You are clumsy. (Dex -2) [potion of mutation]
  1908 | D:2      | HP: 1/37 [poison (a potion of poison)]
  1909 | D:2      | Succumbed to poison (a potion of poison)

Action                   |  1- 3 |  4- 6 || total
-------------------------+-------+-------++-------
Melee: Mace              |    80 |     4 ||    84
  Use: Scroll            |     1 |       ||     1
       Potion            |       |     6 ||     6
